 Dungeon Crawl Stone Soup version 0.22-a0-293-gc9362ec (webtiles) character file.

303 inmateoo the Cudgeler (level 6, -1/49 HPs)
             Began as a Mummy Monk on Mar 24, 2018.
             Slain by a shadow imp (3 damage)
             ... summoned by Eustachio
             ... on level 4 of the Dungeon.
             The game lasted 00:04:32 (4790 turns).

inmateoo the Cudgeler (Mummy Monk)                  Turns: 4790, Time: 00:04:33

Health: -1/49      AC:  6    Str: 16    XL:     6   Next: 15%
Magic:  6/6        EV: 11    Int:  9    God:
Gold:   172        SH:  0    Dex: 15    Spells: 5/5 levels left

rFire    x . .     SeeInvis .   f - +0 whip
rCold    + . .     Gourm    .   (no shield)
rNeg     + + +     Faith    .   e - +0 ring mail
rPois    ∞         Spirit   .   (no helmet)
rElec    .         Reflect  .   (no cloak)
rCorr    .         Harm     .   i - +0 pair of gloves
MR       .....                  (no boots)
Stlth    +.........             (no amulet)
HPRegen  0.16/turn              (no ring)
MPRegen  0.10/turn              (no ring)

@: no status effects
A: no food or potions, fire vulnerability, cold resistance 1, negative energy
resistance 3, torment resistance, unbreathing
a: no special abilities


You were on level 4 of the Dungeon.
You were not hungry.

You visited 1 branch of the dungeon, and saw 5 of its levels.

You collected 172 gold pieces.

Inventory:

Hand Weapons
 c - a +0 trident
 f - a +0 whip (weapon)
Armour
 e - a +0 ring mail (worn)
 i - a +0 pair of gloves (worn)
Scrolls
 a - a scroll of enchant armour
 b - 6 scrolls of identify
 d - a scroll of fog


   Skills:
 + Level 4.6 Fighting
 * Level 4.9 Maces & Flails
 - Level 2.4 Dodging
 - Level 1.5 Stealth


You had 5 spell levels left.
You didn't know any spells.

Dungeon Overview and Level Annotations

Branches:
Dungeon (5/15)
 Temple: D:4-7

Altars:
Kikubaaqudgha

Annotations:
D:2 Natasha
D:3 TheNamelessOne's ghost, amateur DsCj
D:4 Eustachio


Innate Abilities, Weirdness & Mutations

You do not eat or drink.
Your flesh is vulnerable to fire.
You are immune to poison.
Your flesh is cold resistant. (rC+)
You are immune to negative energy. (rN+++)
You are immune to unholy pain and torment.
You can survive without breathing.


Message History

* * * LOW HITPOINT WARNING * * *
The quokka misses you.
The shadow imp hits you but does no damage.
Unknown command.
You hit the shadow imp but do no damage.
The shadow imp closely misses you. Eustachio closely misses you.
The quokka closely misses you.
Unknown command.
You hit Eustachio but do no damage.
Eustachio is heavily wounded.
The shadow imp hits you.
* * * LOW HITPOINT WARNING * * *
The crimson imp blinks!
The shadow imp hits you but does no damage.
Unknown command.
You miss Eustachio.
Eustachio is heavily wounded.
The quokka barely misses you. Eustachio closely misses you.
The shadow imp hits you.
You die...

#.# #.........#### #.#
#............. #.#
#.......#.#### #.#
#.#######..###
#.#########.............
#.#.....................
#.#.....############.##.
#.#..r5r5b............#.
#.###'#@############..#)
#.###.#@#...........#.#.
#.....#r#†#########.#...
#..##.#§..# #.#.).
#..################.#...
#......!............#(#.
#...................#.#.
##################.#..#.
#.#(##.


You could see Eustachio, a river rat, 2 shadow imps, 2 quokkas and a bat.

Vanquished Creatures
  A howler monkey (D:5)
  An orc priest (D:4)
  A hound (D:5)
  An orc wizard (D:4)
  A centaur skeleton (D:5)
  Jessica (D:3)
  5 adders
  A shadow imp (D:5)
  2 worms
  4 leopard geckos
  4 orcs
  11 bats
  3 giant cockroaches
  8 goblins
  5 hobgoblins
  A quokka (D:4)
  2 frilled lizards (D:2)
  4 kobolds
  13 rats
69 creatures vanquished.

Notes
Turn   | Place    | Note
-------+----------+-------------------------------------------
     0 | D:1      | inmateoo the Mummy Monk began the quest for the Orb.
     0 | D:1      | Reached XP level 1. HP: 18/18 MP: 1/1
   314 | D:1      | Reached XP level 2. HP: 19/24 MP: 2/2
  1411 | D:2      | Reached XP level 3. HP: 25/29 MP: 3/3
  1730 | D:2      | Found an ancient bone altar of Kikubaaqudgha.
  1985 | D:2      | Noticed Natasha
  2092 | D:3      | Noticed TheNamelessOne's ghost (amateur DsCj)
  2395 | D:2      | Reached XP level 4. HP: 26/37 MP: 4/4
  2750 | D:3      | Noticed Jessica
  2764 | D:3      | Killed Jessica
  3620 | D:4      | Reached XP level 5. HP: 32/42 MP: 5/5
  3795 | D:4      | You fall through a shaft!
  3795 | D:5      | Entered Level 5 of the Dungeon
  3925 | D:5      | Noticed a sky beast
  3988 | D:5      | Reached XP level 6. HP: 6/49 MP: 6/6
  4323 | D:4      | Noticed Eustachio
  4789 | D:4      | HP: 2/49 [shadow imp[Eustachio] (5)]
  4790 | D:4      | Slain by a shadow imp

Vault maps used:
D:1:      dpeg_arrival_stone_temple_mockup, serial_bayou_pond_d,
          hangedman_decor_growths, hangedman_decor_diamond_cutter
D:2:      kiku_gazebo_pond_becter, uniq_natasha
D:3:      old_standard_altar, uniq_jessica
D:4:      uniq_eustachio
D:5:      minitemple, first_ration

Skill      XL: |  1  2  3  4 |
---------------+-------------+-----
Maces & Flails | 3 4 |  4.9
Fighting       | 4 |  4.6
Dodging        | |  2.4
Stealth        | |  1.5

Action                   |  1- 3 |  4- 6 || total
-------------------------+-------+-------++-------
Melee: Mace              |    69 |       ||    69
       Whip              |   113 |   254 ||   367
  Use: Scroll            |       |     8 ||     8
 Stab: Sleeping          |     5 |     2 ||     7
Armor: Robe              |     7 |       ||     7
       Ring mail         |    58 |   112 ||   170
Dodge: Dodged            |   106 |   212 ||   318

Table legend:
 A = Spawn XP
 B = Non-spawn XP
 C = Spawn XP percentage of total XP
 D = Spawn monster count
 E = Non-spawn monster count
 F = Spawn count percentage of total count
 G = Total turns spent on level
                    A         B        C        D         E        F      G
               +---------+---------+-------+---------+---------+-------+---------
         Total |       0 |     434 |   0.0 |       0 |      69 |   0.0 |  4790
               +---------+---------+-------+---------+---------+-------+---------
           D:1 |       0 |      35 |   0.0 |       0 |      23 |   0.0 |  1333
           D:2 |       0 |      66 |   0.0 |       0 |      19 |   0.0 |  1304
           D:3 |       0 |      85 |   0.0 |       0 |      14 |   0.0 |  1036
           D:4 |       0 |     104 |   0.0 |       0 |       9 |   0.0 |   645
           D:5 |       0 |     144 |   0.0 |       0 |       4 |   0.0 |   472
               +---------+---------+-------+---------+---------+-------+---------
